 Dungeon Crawl Stone Soup version 0.30-a0-187-gd9c2deaf24 (webtiles) character file.

Game seed: 14493231476912310803

119 LnG the Sneak (level 5, 0/28 HPs)
             Began as a Kobold Summoner on Oct 3, 2022.
             Slain by Grinder (4 damage)
             ... while paralysed by Grinder
             ... on level 3 of the Dungeon.
             The game lasted 00:04:59 (2576 turns).

LnG the Sneak (Kobold Summoner)                     Turns: 2576, Time: 00:05:00

Health: 0/28       AC:  3    Str:  5    XL:     5   Next: 23%
Magic:  5/8        EV:  3    Int: 19    God:
Gold:   207        SH:  0    Dex: 15    Spells: 3/9 levels left

rFire   . . .      SeeInvis +    h - +1 dagger (pain)
rCold   . . .      Faith    .    (no shield)
rNeg    . . .      Spirit   .    a - +0 robe
rPois   +          Reflect  .    (no helmet)
rElec   .          Harm     .    (no cloak)
rCorr   .          Rampage  .    (no gloves)
Will    .....                    m - +0 pair of boots
Stlth   ++++......               (no amulet)
HPRegen 0.24/turn                i - ring of poison resistance
MPRegen 0.11/turn                r - ring of see invisible

@: paralysed
A: small, no large weapons, nightstalker 3
a: no special abilities


You were on level 3 of the Dungeon.
You visited 1 branch of the dungeon, and saw 3 of its levels.

You collected 207 gold pieces.

Inventory:

Hand Weapons
 h - a +1 dagger of pain (weapon)
Armour
 a - a +0 robe (worn)
 m - a +0 pair of boots (worn)
Jewellery
 i - a ring of poison resistance (left hand)
 p - a ring of ice
 r - a ring of see invisible (right hand)
Scrolls
 d - 2 scrolls of teleportation {unknown}
 f - a scroll of immolation {unknown}
 k - 2 scrolls of poison {unknown}
 o - a scroll of butterflies {unknown}
 q - a scroll of summoning {unknown}
Potions
 b - 3 potions of magic
 c - 2 potions of lignification {unknown}
 e - 3 potions of flight {unknown}
 g - a potion of brilliance {unknown}
 j - a potion of might {unknown}
 l - a potion of haste {unknown}
 n - a potion of mutation {unknown}


   Skills:
 + Level 0.5 Fighting
 + Level 0.4 Short Blades
 + Level 2.9 Dodging
 * Level 5.0 Stealth
 + Level 2.5 Spellcasting
 + Level 4.9 Summonings


You had 3 spell levels left.
You knew the following spells:

 Your Spells              Type           Power      Damage    Failure   Level
a - Summon Small Mammal   Summ           84%        N/A       2%          1
b - Call Imp              Summ           21%        N/A       3%          2
c - Call Canine Familiar  Summ           21%        N/A       6%          3

Your spell library contained the following spells:

 Spells                   Type           Power      Damage    Failure   Level
 Summon Guardian Golem    Hex/Summ       11%        N/A       19%         3
 Blink                    Tloc           4%         N/A       24%         2
 Vhi's Electric Charge    Tloc/Air       4%         N/A       43%         3
 Summon Lightning Spire   Summ/Air       11%        N/A       52%         4
 Manifold Assault         Tloc           2%         N/A       85%         4
 Storm Form               Tmut/Air       1%         N/A       100%        7


Dungeon Overview and Level Annotations

Branches:
Dungeon (3/15)

Altars:

Shops:
D:3 :

Annotations:
D:3 Grinder


Innate Abilities, Weirdness & Mutations

You are small and have problems with some larger weapons.
You are completely attuned to the shadows.


Message History

There is an entrance to Hoaph's Book Shop here.
b - 3 potions of magic (gained 1) Grinder comes into view.
You see here a fizzy grey potion.
Grinder shouts!
You see here a fizzy grey potion.
Casting: Call Imp (safe; 3% risk of failure)
Confirm with . or Enter, or press ? or * to list all spells.
The spell is quite dangerous to miscast (6% risk of failure)!
Continue anyway?
You swap places.
Grinder says, "At least Makhleb appreciates what I'm doing."
Your hound bites Grinder.
You barely miss Grinder.
Grinder is lightly wounded.
Your hound bites Grinder.
Grinder closely misses you.
Your hound bites Grinder.
You hit Grinder.
Grinder is moderately wounded.
Grinder hits you.
Your hound bites Grinder.
You barely miss Grinder.
Grinder is heavily wounded.
Your hound bites Grinder.
Grinder hits you.
Your hound bites Grinder.
You hit Grinder but do no damage.
Grinder is heavily wounded.
Grinder hits you.
You writhe in agony.
Your hound bites Grinder.
Unknown command.
You hit Grinder.
Grinder is severely wounded.
Your hound bites Grinder.
Grinder gestures at you. Pain shoots through your body!
* * * LOW HITPOINT WARNING * * *
You hit Grinder but do no damage.
Grinder is severely wounded.
Your hound barely misses Grinder.
Grinder gestures at you.
You suddenly lose the ability to move!
Your hound completely misses Grinder.
Your hound bites Grinder.
Grinder hits you.
* * * LOW HITPOINT WARNING * * *
You writhe in agony.
You die...

...#######
##........#...
##.......#... ..#
#.).....#.... ...
###.........#.##.#
..##.............#
..##...........!.#
..##...........h5#
..##............@#
..##.............#
..##.............#
......##..........
.....##..#......<#
.#.#.............#
.#.....##>.......##
.....#.##.###>....# .#
.#<#.#.##.##..#...####.#


You could see Grinder (ally target) and a friendly hound (summoned).

Vanquished Creatures
  Terence (D:2)
  An adder (D:3)
  2 dart slugs
  2 orcs (D:2)
  2 ball pythons (D:1)
  4 bats
  4 endoplasms
  A giant cockroach (D:1)
  6 goblins
  4 hobgoblins
  5 kobolds
  A quokka (D:2)
  3 frilled lizards
  5 rats
41 creatures vanquished.

Vanquished Creatures (collateral kills)
  2 adders
  2 orcs (D:2)
  A bat (D:1)
  4 endoplasms
  A hobgoblin (D:2)
  2 quokkas (D:1)
  3 kobolds
15 creatures vanquished.

Grand Total: 56 creatures vanquished

Notes
Turn   | Place    | Note
-------+----------+-------------------------------------------
     0 | D:1      | LnG the Kobold Summoner began the quest for the Orb.
     0 | D:1      | Reached XP level 1. HP: 10/10 MP: 3/3
   202 | D:1      | Reached XP level 2. HP: 15/15 MP: 5/5
   205 | D:1      | Learned a level 2 spell: Call Imp
   638 | D:1      | Reached XP level 3. HP: 17/19 MP: 6/6
   642 | D:1      | Learned a level 3 spell: Call Canine Familiar
   657 | D:1      | Reached skill level 3 in Stealth
   843 | D:1      | Found a faded altar of an unknown god.
  1165 | D:2      | Identified the +1 robe of Plasticity {Rampage *Slow rPois
                  | Dex-5}
  1541 | D:2      | Reached XP level 4. HP: 12/24 MP: 3/7
  1742 | D:2      | Noticed Terence
  1758 | D:2      | Killed Terence
  1759 | D:2      | Reached skill level 4 in Stealth
  2264 | D:3      | Reached XP level 5. HP: 24/28 MP: 2/8
  2405 | D:3      | Reached skill level 5 in Stealth
  2537 | D:3      | Found Hoaph's Book Shop.
  2564 | D:3      | Noticed Grinder
  2575 | D:3      | Paralysed by Grinder for 2 turns
  2576 | D:3      | Slain by Grinder

Illustrated notes

Levels and vault maps discovered:
D:1:      psy_arrival_fountain, layout_basic, shapermc_ecumenical_altar_gd,
          hangedman_decor_push
D:2:      layout_basic, uniq_terence
D:3:      layout_rooms, serial_shops, shop, kennysheep_crisscross, uniq_grinder

Skill      XL: |  1  2  3  4  5 |
---------------+----------------+-----
Stealth        | 3 4 5 |  5.0
Fighting       | |  0.5
Short Blades   | |  0.4
Dodging        | |  2.9
Spellcasting   | |  2.5
Summonings     | |  4.9

Action                   |  1- 3 |  4- 6 || total
-------------------------+-------+-------++-------
Melee: Dagger            |    78 |    60 ||   138
 Cast: Summon Small Mamm |     5 |       ||     5
       Call Imp          |     3 |     4 ||     7
       Call Canine Famil |     2 |     5 ||     7
  Use: Scroll            |     1 |       ||     1
 Stab: Sleeping          |    11 |     8 ||    19
       Distracted        |       |     1 ||     1
Armor: Robe              |    15 |    12 ||    27
Dodge: Dodged            |    47 |    53 ||   100

Table legend: (Time is in decaauts)
 A = Elapsed time spent in this place.
 B = Non-inter-level travel time spent in this place.
 C = Inter-level travel time spent in this place.
 D = Time resting spent in this place.
 E = Time spent auto-exploring this place.
 F = Levels seen in this place.
 G = Mean time per level.
                   A        B        C        D        E       F      G
               +--------+--------+--------+--------+--------+-----+--------+
         Total |   2576 |   2516 |     60 |     55 |   2007 |   3 |  858.7 |
       Dungeon |   2576 |   2516 |     60 |     55 |   2007 |   3 |  858.7 |
               +--------+--------+--------+--------+--------+-----+--------+

Top non-repeatable levels by time:
     D:1: 1025 daAuts
     D:2: 982 daAuts
     D:3: 568 daAuts
